| TOP OF THE 1ST |
|
Appleton Foxes batting - Pitching for Waterloo Hawks : RHP Paul Voigt
|
|
Pitching: RHP Paul Voigt
|
|
|
Batting: LHB Mike Woodard
|
0-0: Foul Ball, location: 2F 0-1: Ball 1-1: Fly out, F8 (Line Drive, 8RD, EV 85.0 MPH)
|
|
Batting: SHB Matt Gallegos
|
0-0: Swinging Strike 0-1: Ball 1-1: Foul Ball, location: 2F 1-2: Ball 2-2: Foul Ball, location: 2F 2-2: Strikes out swinging
|
|
Batting: RHB Chris Brown
|
0-0: Swinging Strike 0-1: Called Strike 0-2: SINGLE (Groundball, 56D, EV 95.0 MPH)
|
|
Batting: RHB Randy Asadoor
|
Pickoff Throw to First - Out! 1-3
|
| Top of the 1st over - 0 runs, 1 hit, 0 errors, 0 left on base; Appleton 0 - Waterloo 0 |
| BOTTOM OF THE 1ST |
|
Waterloo Hawks batting - Pitching for Appleton Foxes : RHP Mike Trujillo
|
|
Pitching: RHP Mike Trujillo
|
|
|
Batting: RHB Edward Irvine
|
0-0: Called Strike 0-1: Ground out 4-3 (Groundball, 4M, EV 75.0 MPH)
|
|
Batting: RHB Juan Baez
|
0-0: Called Strike 0-1: Ball 1-1: Ball 2-1: Ball 3-1: Called Strike 3-2: Base on Balls
|
|
Batting: LHB Ronald Davis
|
0-0: Ball 1-0: Ball 2-0: Ball 3-0: Base on Balls Juan Baez to second
|
|
Batting: RHB Carmelo Aguayo
|
0-0: Foul Ball, location: 2F 0-1: Ball 1-1: DOUBLE (Line Drive, 9LM, EV 108.1 MPH) Juan Baez scores Ronald Davis to third
|
|
Batting: LHB Burk Goldthorn
|
0-0: Ball 1-0: Foul Ball, location: 2F 1-1: Ball 2-1: Swinging Strike 2-2: Foul Ball, location: 2F 2-2: Strikes out swinging
|
|
Batting: RHB Michael Williams
|
0-0: Called Strike 0-1: Ball 1-1: Called Strike 1-2: Fly out, F8 (Flyball, 8LS, EV 82.5 MPH)
|
| Bottom of the 1st over - 1 run, 1 hit, 0 errors, 2 left on base; Appleton 0 - Waterloo 1 |
| TOP OF THE 2ND |
|
Appleton Foxes batting - Pitching for Waterloo Hawks : RHP Paul Voigt
|
|
Batting: RHB Randy Asadoor
|
0-0: Called Strike 0-1: Ball 1-1: Fly out, F9 (Flyball, 9D, EV 103.1 MPH)
|
|
Batting: RHB Victor Mata
|
0-0: Called Strike 0-1: Foul Ball, location: 2F 0-2: Strikes out swinging
|
|
Batting: LHB John Csefalvay
|
0-0: Swinging Strike 0-1: Ball 1-1: Ball 2-1: Swinging Strike 2-2: Ball 3-2: Base on Balls
|
|
Batting: RHB Howard Lopes
|
0-0: Called Strike 0-1: Ball 1-1: Called Strike 1-2: Fly out, F7 (Flyball, 78M, EV 98.8 MPH)
|
| Top of the 2nd over - 0 runs, 0 hits, 0 errors, 1 left on base; Appleton 0 - Waterloo 1 |
| BOTTOM OF THE 2ND |
|
Waterloo Hawks batting - Pitching for Appleton Foxes : RHP Mike Trujillo
|
|
Batting: SHB Nelson Liriano
|
0-0: Called Strike 0-1: Ball 1-1: DOUBLE (Line Drive, 9LM, EV 109.4 MPH)
|
|
Batting: RHB Mark Doran
|
0-0: Ball 1-0: Called Strike 1-1: Swinging Strike 1-2: Ball 2-2: Foul Ball, location: 2F 2-2: Ball 3-2: DOUBLE (Line Drive, 3D, EV 99.4 MPH) Nelson Liriano scores
|
|
Batting: RHB David Cusack
|
0-0: Ball 1-0: Ball 2-0: Called Strike 2-1: Swinging Strike 2-2: Strikes out swinging
|
|
Batting: RHB Edward Irvine
|
0-0: Ground out 5-3 (Groundball, 56D, EV 85.6 MPH)
|
|
Batting: RHB Juan Baez
|
0-0: Foul Ball, location: 2F 0-1: Ball 1-1: Foul Ball, location: 2F 1-2: Foul Ball, location: 2F 1-2: Foul Ball, location: 2F 1-2: Ball 2-2: Ground out 4-3 (Groundball, 34D, EV 86.9 MPH)
|
| Bottom of the 2nd over - 1 run, 2 hits, 0 errors, 1 left on base; Appleton 0 - Waterloo 2 |
| TOP OF THE 3RD |
|
Appleton Foxes batting - Pitching for Waterloo Hawks : RHP Paul Voigt
|
|
Batting: RHB Mike Nipper
|
0-0: Called Strike 0-1: Called Strike 0-2: Foul Ball, location: 2F 0-2: Ball 1-2: Ball 2-2: Fly out, F4 (Popup, 4M, EV 56.3 MPH)
|
|
Batting: RHB Philip Sutton
|
0-0: Called Strike 0-1: Reached on error, E6 (Groundball, 4M, EV 76.9 MPH)
|
|
Batting: LHB Mike Woodard
|
0-0: Ball 1-0: Ball 2-0: Foul Ball, location: 2F 2-1: Ball 3-1: Foul Ball, location: 2F 3-2: SINGLE (Groundball, 25, EV 68.1 MPH) (infield hit) Philip Sutton to third
|
|
Batting: SHB Matt Gallegos
|
0-0: Called Strike 0-1: SINGLE (Groundball, 6D, EV 102.5 MPH) Philip Sutton scores Mike Woodard to second
|
|
Batting: RHB Chris Brown
|
0-0: Called Strike 0-1: Ball 1-1: Foul Ball, location: 2F 1-2: Ball 2-2: Ball 3-2: Fly out, F8 (Line Drive, 8LD, EV 106.3 MPH)
|
|
Batting: RHB Randy Asadoor
|
0-0: Ball 1-0: Called Strike 1-1: Foul Ball, location: 2F 1-2: Ball 2-2: Foul Ball, location: 2F 2-2: Ball 3-2: Foul Ball, location: 2F 3-2: Foul Ball, location: 2F 3-2: Base on Balls Mike Woodard to third Matt Gallegos to second
|
|
Batting: RHB Victor Mata
|
0-0: Fielders Choice at 2nd, 5-4 (Groundball, 5, EV 88.8 MPH)
|
| Top of the 3rd over - 1 run, 2 hits, 1 error, 3 left on base; Appleton 1 - Waterloo 2 |
| BOTTOM OF THE 3RD |
|
Waterloo Hawks batting - Pitching for Appleton Foxes : RHP Mike Trujillo
|
|
Batting: LHB Ronald Davis
|
0-0: Ball 1-0: Called Strike 1-1: Swinging Strike 1-2: Foul Ball, location: 2F 1-2: Strikes out swinging
|
|
Batting: RHB Carmelo Aguayo
|
0-0: Ball 1-0: Foul Ball, location: 2F 1-1: Ball 2-1: Foul Ball, location: 2F 2-2: Ground out 6-3 (Groundball, 56, EV 83.1 MPH)
|
|
Batting: LHB Burk Goldthorn
|
0-0: Ball 1-0: Ball 2-0: Ball 3-0: Called Strike 3-1: Ground out 6-3 (Groundball, 6, EV 98.1 MPH)
|
| Bottom of the 3rd over - 0 runs, 0 hits, 0 errors, 0 left on base; Appleton 1 - Waterloo 2 |
| TOP OF THE 4TH |
|
Appleton Foxes batting - Pitching for Waterloo Hawks : RHP Paul Voigt
|
|
Batting: LHB John Csefalvay
|
0-0: Fly out, F7 (Flyball, 78XD, EV 105.6 MPH)
|
|
Batting: RHB Howard Lopes
|
0-0: Ball 1-0: Fly out, F9 (Flyball, 9LM, EV 101.3 MPH)
|
|
Batting: RHB Mike Nipper
|
0-0: Ball 1-0: Ball 2-0: Called Strike 2-1: DOUBLE (Line Drive, 7LM, EV 99.4 MPH)
|
|
Batting: RHB Philip Sutton
|
0-0: Ground out 4-3 (Groundball, 4M, EV 85.0 MPH)
|
| Top of the 4th over - 0 runs, 1 hit, 0 errors, 1 left on base; Appleton 1 - Waterloo 2 |
| BOTTOM OF THE 4TH |
|
Waterloo Hawks batting - Pitching for Appleton Foxes : RHP Mike Trujillo
|
|
Batting: RHB Michael Williams
|
0-0: Ball 1-0: Swinging Strike 1-1: Fly out, F8 (Flyball, 8LD, EV 101.9 MPH)
|
|
Batting: SHB Nelson Liriano
|
0-0: Fly out, F9 (Line Drive, 9, EV 88.1 MPH)
|
|
Batting: RHB Mark Doran
|
0-0: Ball 1-0: Called Strike 1-1: Ball 2-1: Called Strike 2-2: Ball 3-2: Strikes out swinging
|
| Bottom of the 4th over - 0 runs, 0 hits, 0 errors, 0 left on base; Appleton 1 - Waterloo 2 |
| TOP OF THE 5TH |
|
Appleton Foxes batting - Pitching for Waterloo Hawks : RHP Paul Voigt
|
|
Batting: LHB Mike Woodard
|
0-0: Foul Ball, location: 2F 0-1: Ball 1-1: SINGLE (Line Drive, 89S, EV 98.1 MPH)
|
|
Batting: SHB Matt Gallegos
|
0-0: Ball 1-0: Bunt missed! 1-1: Bunt missed! 1-2: Foul Ball, location: 2F 1-2: Foul Ball, location: 2F 1-2: Foul Ball, location: 2F 1-2: SINGLE (Line Drive, 78S, EV 89.4 MPH) Mike Woodard to second Runner from 2nd tries for 3rd, SAFE, throw by LF made to third
|
|
Batting: RHB Chris Brown
|
0-0: Called Strike 0-1: SINGLE (Flyball, 9LM, EV 93.1 MPH) Mike Woodard scores Matt Gallegos to second Runner from 2nd tries for 3rd, SAFE, no throw by RF
|
|
Batting: RHB Randy Asadoor
|
0-0: Ball 1-0: Called Strike 1-1: Called Strike 1-2: Grounds into double play, 6-4-3 (Groundball, 6, EV 91.3 MPH) Matt Gallegos scores
|
|
Batting: RHB Victor Mata
|
0-0: Ball 1-0: Called Strike 1-1: Ball 2-1: SINGLE (Line Drive, 9S, EV 110.0 MPH)
|
|
Batting: LHB John Csefalvay
|
0-0: Ball Victor Mata is caught stealing 2nd base 2-6
|
| Top of the 5th over - 2 runs, 4 hits, 0 errors, 0 left on base; Appleton 3 - Waterloo 2 |
| BOTTOM OF THE 5TH |
|
Waterloo Hawks batting - Pitching for Appleton Foxes : RHP Mike Trujillo
|
|
Batting: RHB David Cusack
|
0-0: Called Strike 0-1: Called Strike 0-2: Foul Ball, location: 2F 0-2: Strikes out swinging
|
|
Batting: RHB Edward Irvine
|
0-0: Called Strike 0-1: Foul Ball, location: 2F 0-2: Foul Ball, location: 2F 0-2: Ball 1-2: Ball 2-2: Reached on error, E5 (Groundball, 56, EV 95.6 MPH)
|
|
Batting: RHB Juan Baez
|
0-0: Ball 1-0: SINGLE (Line Drive, 4MD, EV 96.9 MPH) Edward Irvine to second Runner from 2nd tries for 3rd, SAFE, throw by CF made to third
|
|
Batting: LHB Ronald Davis
|
0-0: Ball 1-0: Foul Ball, location: 2F 1-1: Ball 2-1: Called Strike 2-2: SINGLE (Groundball, 3D, EV 108.8 MPH) Edward Irvine scores Juan Baez to second Runner from 2nd tries for 3rd, SAFE, throw by RF made to third
|
|
Batting: RHB Carmelo Aguayo
|
0-0: Grounds into double play, 5-4-3 (Groundball, 56S, EV 94.4 MPH)
|
| Bottom of the 5th over - 1 run, 2 hits, 1 error, 1 left on base; Appleton 3 - Waterloo 3 |
| TOP OF THE 6TH |
|
Appleton Foxes batting - Pitching for Waterloo Hawks : RHP Paul Voigt
|
|
Batting: LHB John Csefalvay
|
0-0: Ball 1-0: SINGLE (Groundball, 34S, EV 71.9 MPH) (infield hit)
|
|
Batting: RHB Howard Lopes
|
0-0: Ball 1-0: Called Strike 1-1: Ball 2-1: Foul Ball, location: 2F 2-2: Fly out, F8 (Flyball, 8RD, EV 99.4 MPH)
|
|
Batting: RHB Mike Nipper
|
0-0: Ball John Csefalvay is caught stealing 2nd base 2-4 1-0: Called Strike 1-1: SOLO HOME RUN (Flyball, 7LD, EV 94.4 MPH), Distance : 354 ft
|
|
Batting: RHB Philip Sutton
|
0-0: Called Strike 0-1: Ball 1-1: Called Strike 1-2: Ball 2-2: Foul Ball, location: 2F 2-2: Foul Ball, location: 2F 2-2: Fly out, F4 (Popup, 4D, EV 48.8 MPH)
|
| Top of the 6th over - 1 run, 2 hits, 0 errors, 0 left on base; Appleton 4 - Waterloo 3 |
| BOTTOM OF THE 6TH |
|
Waterloo Hawks batting - Pitching for Appleton Foxes : RHP Mike Trujillo
|
|
Batting: LHB Burk Goldthorn
|
0-0: Ball 1-0: Foul Ball, location: 2F 1-1: Swinging Strike 1-2: Ball 2-2: Strikes out looking
|
|
Batting: RHB Michael Williams
|
0-0: Foul Ball, location: 2F 0-1: Ball 1-1: Fly out, F7 (Line Drive, 7D, EV 110.0 MPH)
|
|
Batting: SHB Nelson Liriano
|
0-0: Ball 1-0: Ground out 4-3 (Groundball, 4, EV 86.3 MPH)
|
| Bottom of the 6th over - 0 runs, 0 hits, 0 errors, 0 left on base; Appleton 4 - Waterloo 3 |
| TOP OF THE 7TH |
|
Appleton Foxes batting - Pitching for Waterloo Hawks : RHP Paul Voigt
|
|
Batting: LHB Mike Woodard
|
0-0: Swinging Strike 0-1: Ball 1-1: Ball 2-1: Ball 3-1: Called Strike 3-2: Foul Ball, location: 2F 3-2: Base on Balls
|
|
Batting: SHB Matt Gallegos
|
0-0: Reached on error, E1 (Groundball, 15S, EV 43.8 MPH) Mike Woodard to third
|
|
Batting: RHB Chris Brown
|
0-0: Called Strike 0-1: Ball 1-1: SINGLE (Groundball, 4MD, EV 97.5 MPH) Mike Woodard scores Matt Gallegos to third Runner from 3rd tries for Home, SAFE, throw by CF to home
|
|
Pitching: LHP Daniel Rahmer
|
|
|
Batting: RHB Randy Asadoor
|
0-0: Called Strike 0-1: Ball 1-1: Ball 2-1: Called Strike 2-2: Strikes out swinging
|
|
Batting: RHB Victor Mata
|
0-0: Ball 1-0: Foul Ball, location: 2F 1-1: Called Strike 1-2: Ball 2-2: Foul Ball, location: 2F 2-2: Ball 3-2: Base on Balls Chris Brown to second
|
|
Batting: LHB John Csefalvay
|
0-0: Called Strike 0-1: Called Strike Chris Brown steals 3rd, throwing error, E2 Chris Brown scores Victor Mata to third 0-2: SINGLE (Flyball, 78S, EV 85.6 MPH) Victor Mata scores
|
|
Batting: RHB Howard Lopes
|
0-0: Ball 1-0: Called Strike 1-1: Fly out, F4 (Flyball, 34D, EV 86.9 MPH)
|
|
Batting: RHB Mike Nipper
|
0-0: Ball 1-0: Ball John Csefalvay is caught stealing 2nd base 2-4
|
| Top of the 7th over - 4 runs, 2 hits, 2 errors, 0 left on base; Appleton 8 - Waterloo 3 |
| BOTTOM OF THE 7TH |
|
Waterloo Hawks batting - Pitching for Appleton Foxes : RHP Mike Trujillo
|
|
Pitching: RHP John McGuckin
|
|
|
Batting: RHB Mark Doran
|
0-0: Ground out 6-3 (Groundball, 6, EV 106.9 MPH)
|
|
Batting: RHB David Cusack
|
0-0: SINGLE (Groundball, 6MD, EV 95.6 MPH)
|
|
Batting: RHB Edward Irvine
|
0-0: Called Strike 0-1: Ball 1-1: Foul Ball, location: 2F 1-2: Ball 2-2: Ball 3-2: Foul Ball, location: 2F 3-2: Grounds into double play, 4-6-3 (Groundball, 34, EV 107.5 MPH)
|
| Bottom of the 7th over - 0 runs, 1 hit, 0 errors, 0 left on base; Appleton 8 - Waterloo 3 |
| TOP OF THE 8TH |
|
Appleton Foxes batting - Pitching for Waterloo Hawks : LHP Daniel Rahmer
|
|
Batting: RHB Mike Nipper
|
0-0: Foul Ball, location: 2F 0-1: Swinging Strike 0-2: Ball 1-2: Foul Ball, location: 2F 1-2: Foul Ball, location: 2F 1-2: Ball 2-2: Ball 3-2: Strikes out swinging
|
|
Batting: RHB Philip Sutton
|
0-0: Ball 1-0: Foul Ball, location: 2F 1-1: Foul Ball, location: 2F 1-2: Ball 2-2: Ball 3-2: Strikes out swinging
|
|
Batting: LHB Mike Woodard
|
0-0: Foul Ball, location: 2F 0-1: Reached on error, E5 (Groundball, 56, EV 86.3 MPH)
|
|
Pitching: LHP Dutch Deutsch
|
|
|
Batting: SHB Matt Gallegos
|
0-0: Fly out, F2 (Popup, 2LF, EV 94.4 MPH)
|
| Top of the 8th over - 0 runs, 0 hits, 1 error, 1 left on base; Appleton 8 - Waterloo 3 |
| BOTTOM OF THE 8TH |
|
Waterloo Hawks batting - Pitching for Appleton Foxes : RHP John McGuckin
|
|
Batting: RHB Juan Baez
|
0-0: Ball 1-0: Ground out 4-3 (Groundball, 4, EV 88.1 MPH)
|
|
Batting: LHB Ronald Davis
|
0-0: Ball 1-0: Called Strike 1-1: Foul Ball, location: 2F 1-2: Ball 2-2: Foul Ball, location: 2F 2-2: Foul Ball, location: 2F 2-2: Ground out U3 (Groundball, 34, EV 83.8 MPH)
|
|
Batting: RHB Carmelo Aguayo
|
0-0: Called Strike 0-1: Called Strike 0-2: Ground out 4-3 (Groundball, 34, EV 100.0 MPH)
|
| Bottom of the 8th over - 0 runs, 0 hits, 0 errors, 0 left on base; Appleton 8 - Waterloo 3 |
| TOP OF THE 9TH |
|
Appleton Foxes batting - Pitching for Waterloo Hawks : LHP Dutch Deutsch
|
|
Batting: RHB Chris Brown
|
0-0: Ball 1-0: Ball 2-0: Foul Ball, location: 2F 2-1: Ball 3-1: Swinging Strike 3-2: Base on Balls
|
|
Batting: RHB Randy Asadoor
|
0-0: Ball 1-0: Ball 2-0: Called Strike 2-1: Ball 3-1: Foul Ball, location: 2F 3-2: Base on Balls Chris Brown to second
|
|
Batting: RHB Victor Mata
|
0-0: Ball 1-0: Ball 2-0: Ball 3-0: Base on Balls Chris Brown to third Randy Asadoor to second
|
|
Batting: LHB John Csefalvay
|
0-0: Foul Ball, location: 2F 0-1: SINGLE (Line Drive, 56D, EV 101.9 MPH) Chris Brown scores Randy Asadoor to third Victor Mata to second Runner from 3rd tries for Home, SAFE, throw by LF to home
|
|
Batting: RHB Howard Lopes
|
0-0: Called Strike 0-1: Called Strike 0-2: Strikes out looking
|
|
Batting: RHB Mike Nipper
|
0-0: Ball 1-0: Swinging Strike 1-1: Ball 2-1: Called Strike 2-2: Strikes out swinging
|
|
Batting: RHB Philip Sutton
|
0-0: Ground out 4-3 (Groundball, 4, EV 83.8 MPH)
|
| Top of the 9th over - 2 runs, 1 hit, 0 errors, 2 left on base; Appleton 10 - Waterloo 3 |
| BOTTOM OF THE 9TH |
|
Waterloo Hawks batting - Pitching for Appleton Foxes : RHP John McGuckin
|
|
Pinch Hitting: LHB Dave Miley
|
0-0: Called Strike 0-1: Ball 1-1: Ball 2-1: Fly out, F8 (Flyball, 8LS, EV 88.8 MPH)
|
|
Pinch Hitting: RHB John Stockstill
|
0-0: Foul Ball, location: 2F 0-1: Ball 1-1: Called Strike 1-2: Ball 2-2: Foul Ball, location: 2F 2-2: Foul Ball, location: 2F 2-2: Ground out U3 (Groundball, 3, EV 86.3 MPH)
|
|
Pinch Hitting: RHB Paul Stockley
|
0-0: Ball 1-0: Ball 2-0: Called Strike 2-1: Ball 3-1: Called Strike 3-2: Fly out, F7 (Line Drive, 7, EV 86.3 MPH)
|
| Bottom of the 9th over - 0 runs, 0 hits, 0 errors, 0 left on base; Appleton 10 - Waterloo 3 |
|